 Dungeon Crawl Stone Soup version 0.30-a0-1157-g2cc9ac7196 (webtiles) character file.

Game seed: 8693618818800063929

44949 jasper the Spry (level 13, 0/64 HPs)
             Began as a Felid Conjurer on Apr 24, 2023.
             Was a High Priest of Vehumet.
             Killed from afar by a deep elf zephyrmancer (30 damage)
             ... with a bolt of lightning
             ... on level 1 of the Elven Halls.
             The game lasted 01:08:44 (28944 turns).

jasper the Spry (Felid Conjurer)                   Turns: 28944, Time: 01:08:45

Health: 0/64       AC:  3    Str:  3    XL:     13   Next: 99%
Magic:  9/29       EV: 31    Int: 33    God:    Vehumet [*****.]
Gold:   94         SH:  0    Dex: 21    Spells: 0/35 levels left
                                        Lives:  0   Deaths: 3

rFire   . . .        (weapon unavailable)
rCold   + . .        (shield unavailable)
rNeg    . . .        (body armour unavailable)
rPois   .            (helmet unavailable)
rElec   .            (cloak unavailable)
rCorr   .            (gloves unavailable)
SInv    +            (boots unavailable)
Will    +....        x - amulet of magic regeneration
Stlth   +++++        j - +6 ring of intelligence
HPRegen 0.30/turn    s - ring "Roept" {+Blink Int+3 Dex+6}
MPRegen 0.61/turn

%: no passive effects
@: quick
A: very small, claws 1, fangs 3, see invisible, speed 1, shaggy fur 3, stealthy
paws, no weapons or thrown items, no armour, multi-lived
a: Renounce Religion, Evoke Blink


You were on level 1 of the Elven Halls.
You worshipped Vehumet.
Vehumet was extremely pleased with you.
You visited 6 branches of the dungeon, and saw 25 of its levels.

You collected 3120 gold pieces.
You spent 3026 gold pieces at shops.

Inventory:

Jewellery
 d - a ring of protection from cold
 e - a +5 ring of evasion
 j - a +6 ring of intelligence (left paw)
 p - a +5 ring of evasion
 s - the ring "Roept" (right paw) {+Blink Int+3 Dex+6}
   (You bought it in a shop on level 1 of the Orcish Mines)

   [ring of dexterity]

   Int:       It affects your intelligence (+3).
   Dex:       It affects your dexterity (+6).
   +Blink:    It lets you blink.
 x - an amulet of magic regeneration (around neck)
 A - a ring of willpower
 B - a ring of protection from cold
 E - a +6 ring of dexterity
 F - an amulet of faith
 G - a ring of resist corrosion
 J - an amulet of guardian spirit
 P - a +6 ring of dexterity
Wands
 g - a wand of flame (21)
 m - a wand of paralysis (16)
 D - a wand of acid (2)
 M - a wand of digging (4)
 N - a wand of mindburst (5)
 Q - a wand of polymorph (2)
Scrolls
 c - 8 scrolls of poison
 l - 3 scrolls of fog
 q - a scroll of torment
 u - a scroll of blinking
 y - 2 scrolls of teleportation
 z - 3 scrolls of brand weapon {unknown}
 H - 4 scrolls of immolation
 I - a scroll of silence
 L - 4 scrolls of fear
 R - 2 scrolls of butterflies {unknown}
 S - a scroll of amnesia
 T - a scroll of magic mapping
 U - a scroll of identify
Potions
 a - 2 potions of magic
 b - 2 potions of invisibility
 f - 3 potions of heal wounds
 h - 5 potions of curing
 i - 3 potions of mutation
 k - a potion of might
 n - 4 potions of attraction
 o - 3 potions of brilliance
 r - a potion of haste
 t - 3 potions of berserk rage
 v - 5 potions of flight
 w - 2 potions of lignification {unknown}
 K - 2 potions of degeneration {unknown}
 O - a potion of cancellation {unknown}
Miscellaneous
 C - a lightning rod (2/4)


   Skills:
 - Level 12.1 Fighting
 - Level 15.6 Dodging
 - Level 10.0 Stealth
 - Level 11.5 Spellcasting
 - Level 11.0 Conjurations
 - Level 6.7 Hexes
 - Level 6.2 Translocations
 + Level 4.6 Transmutations
 - Level 5.0 Fire Magic
 - Level 2.0 Air Magic
 + Level 8.2 Earth Magic
 - Level 8.0 Evocations


You couldn't memorise any spells.
You knew the following spells:

 Your Spells              Type           Power      Damage    Failure   Level
a - Swiftness             Air            32%        N/A       3%          3
b - Searing Ray           Conj           100%       2d8       1%          2
c - Fulminant Prism       Conj/Hex       33%        3d16      1%          4
d - Iskenderun's Mystic   Conj/Tloc      66%        2d14      1%          4
e - Stone Arrow           Conj/Erth      100%       3d13      1%          3
f - Mephitic Cloud        Conj/Pois/Air  47%        N/A       1%          3
g - Apportation           Tloc           100%       N/A       1%          1
h - Lee's Rapid Deconstr  Erth           32%        3d17*     1%          5
i - Fireball              Conj/Fire      32%        3d14      1%          5
j - Statue Form           Tmut/Erth      38%        N/A       26%         6

Your spell library contained the following spells:

 Spells                   Type           Power      Damage    Failure   Level
 Arcjolt                  Conj/Air       29%        1d39      1%          5
 Foxfire                  Conj/Fire      100%       2x1d9     1%          1
 Freeze                   Ice            72%        1d8       1%          1
 Magic Dart               Conj           100%       1d8       1%          1
 Shock                    Conj/Air       100%       1d9       1%          1
 Wereblood                Tmut           49%        N/A       1%          2
 Dazzling Flash           Conj/Hex       100%       N/A       1%          3
 Hailstorm                Conj/Ice       53%        3d12      1%          3
 Summon Guardian Golem    Hex/Summ       41%        N/A       1%          3
 Flame Wave               Conj/Fire      64%        2d15      1%          4
 Leda's Liquefaction      Hex/Erth       31%        N/A       1%          4
 Iskenderun's Battlesphe  Conj           75%        2d12      1%          5
 Necrotise                Necr           72%        1d7       2%          1
 Summon Small Mammal      Summ           72%        N/A       2%          1
 Frozen Ramparts          Ice            36%        1d6       2%          3
 Sublimation of Blood     Necr           18%        N/A       3%          2
 Airstrike                Air            16%        2d(3-19)  3%          4
 Starburst                Conj/Fire      32%        6d10      4%          6
 Conjure Ball Lightning   Conj/Air       29%        3x3d8     7%          6
 Call Canine Familiar     Summ           18%        N/A       8%          3
 Plasma Beam              Fire/Air       21%        2x1d36    22%         6
 Spellforged Servitor     Conj/Summ      26%        N/A       45%         7
 Summon Hydra             Summ           9%         N/A       100%        7
 Discord                  Hex            29%        N/A       100%        8
 Disjunction              Tloc           28%        N/A       100%        8
 Fire Storm               Conj/Fire      32%        8d8       100%        9


Dungeon Overview and Level Annotations

Branches:
Dungeon (15/15)            Temple (1/1) D:7            Lair (5/5) D:8
  Swamp (1/4) Lair:3       Spider (0/4) Lair:3        Slime (0/5) Lair:4
    Orc (2/2) D:9             Elf (1/3) Orc:2        Vaults (0/5) D:13
 Depths: D:15

Altars:
Ashenzari
Cheibriados
Dithmenos
Elyvilon
Fedhas
Gozag
Hepliaklqana
Kikubaaqudgha
Makhleb
Nemelex Xobeh
Okawaru
Qazlal
Ru
Sif Muna
Trog
Uskayaw
Vehumet
Wu Jian
Xom
Yredelemnul
Zin
The Shining One
Jiyva

Shops:
D:1 :   D:6 *   D:12 :   D:14 ::*[   Orc:1 =   Orc:2 =[(*

Annotations:
D:5 3 runed translucent doors, BleedingAnus's ghost, amateur MiMo
Lair:2 2 transporters, exclusion: boulder beetle, TheSexyCheese's ghost, journeyman OgFE


Innate Abilities, Weirdness & Mutations

You have sharp claws.
You have razor-sharp teeth.
You have supernaturally acute eyesight. (SInv)
You cover ground quickly. (Speed+)
Your thick and shaggy fur keeps you warm. (AC +3, rC+)
Your paws help you pounce on unaware monsters.
You are incapable of wielding weapons or throwing items.
You cannot wear armour.
You gain extra lives every three experience levels.


Message History

The bolt of acid hits the deep elf sorcerer!!
The deep elf sorcerer seems to be corroded for longer.
The deep elf sorcerer is almost dead.
The bolt of acid hits the deep elf zephyrmancer!
The deep elf zephyrmancer is heavily wounded.
The deep elf zephyrmancer casts a spell.
The deep elf zephyrmancer blinks!
The deep elf sorcerer is engulfed in noxious fumes.
The deep elf sorcerer mumbles some strange words.
The deep elf sorcerer seems to speed up.
Aiming: Thunderbolt
Press: ? - help, Shift-Dir - straight line, f/p - deep elf zephyrmancer
Aim: a deep elf zephyrmancer, wielding a +0 long sword and wearing a +0 chain mail (severely wounded, covered in acid)
The thunderbolt hits the deep elf zephyrmancer!!
You kill the deep elf zephyrmancer!
Vehumet accepts your kill.
You feel your power returning.
The deep elf sorcerer is engulfed in noxious fumes.
The deep elf zephyrmancer is engulfed in noxious fumes.
The deep elf zephyrmancer appears confused.
The deep elf zephyrmancer hits the +1 broad axe of venom with a +0 dagger.
The deep elf zephyrmancer gestures wildly while chanting.
The deep elf zephyrmancer blinks!
You regained 2 mp, and now have 8/29 mp.
Aiming: Thunderbolt
Press: ? - help, Shift-Dir - straight line, f - deep elf sorcerer
Aim: a deep elf sorcerer, wielding a +0 long sword (translocational energy, almost dead, fast, covered in acid)
The thunderbolt hits the +1 broad axe of venom.
The +1 broad axe of venom completely resists.
The +1 broad axe of venom is lightly damaged.
The thunderbolt hits the deep elf zephyrmancer!
The deep elf zephyrmancer is heavily wounded.
The thunderbolt hits the deep elf sorcerer!
You kill the deep elf sorcerer!
Vehumet accepts your kill.
The deep elf zephyrmancer gestures at you while chanting.
The bolt of lightning hits the +1 broad axe of venom.
The +1 broad axe of venom completely resists.
The bolt of lightning hits you!!
You die...

#.............##..
#.............##..
+.............##..
#.............##..
#..)......... #..
#..)......... #..
##........... #..
##'.........+ ###
#####@##.......##
# #e##§######+####
##.#'## #.○(## .
#?e.# .
.....e.))..# .
...##..§.?.#
##[.....# #......#


You could see 2 deep elf zephyrmancers and a +1 broad axe of venom.

Vanquished Creatures
  Kirke (Lair:4)
  A deep elf sorcerer (Elf:1)
  2 stone giants
  A deep elf demonologist (Elf:1)
  3 ettins (Orc:2)
  2 vault guards (D:13)
  An ogre mage (D:15)
  7 hydras
  3 boulder beetles
  A death knight (D:14)
  A centaur warrior (D:14)
  3 two-headed ogres
  A tengu warrior (D:13)
  16 death yaks
  An orc high priest (Orc:2)
  Amaemon (Lair:3)
  A hell knight (D:15)
  A deep elf knight (Elf:1)
  3 skysharks
  A deep troll (D:15)
  A goliath frog (Swamp:1)
  6 skeletal warriors
  A wizard (D:15)
  3 necromancers
  2 orc knights
  8 deep elf zephyrmancers (Elf:1)
  2 orc sorcerers (Orc:2)
  10 cyclopes
  4 manticores
  6 elephants (Lair:4)
  3 black mambas
  Joseph (D:7)
  An elephant (shapeshifter) (D:11)
  An orange demon (Lair:3)
  12 cane toads
  2 unseen horrors
  9 komodo dragons
  An efreet (D:12)
  A queen bee (shapeshifter) (D:14)
  6 trolls
  4 polar bears (Lair:5)
  5 hornets
  Grinder (D:4)
  23 blink frogs
  15 dream sheep
  13 spriggans (Lair:5)
  A shadow (D:12)
  3 hogs
  6 wraiths
  51 yaks
  2 water elementals (D:11)
  2 vampires (D:11)
  2 wyverns
  21 humans
  2 fire elementals
  2 steam dragons (D:8)
  10 vampire mosquitoes
  2 basilisks
  3 wargs
  Menkaure (D:5)
  Edmund (D:6)
  10 water moccasins
  2 acid dragons
  2 hell hounds (Lair:2)
  17 orc warriors
  3 black bears
  2 ice beasts
  2 sky beasts
  7 ogres
  3 boggarts (Lair:5)
  8 centaurs
  32 wolves
  3 kobold brigands
  11 bullfrogs
  6 scorpions
  2 gnoll sergeants
  8 wights
  A killer bee (D:8)
  6 howler monkeys
  5 electric eels
  13 orc priests
  4 jellies
  6 hounds
  5 iguanas
  7 orc wizards
  8 gnolls
  11 adders
  A shadow imp (D:6)
  2 white imps
  7 worms
  4 dart slugs
  62 orcs
  8 ball pythons
  An endoplasm (D:2)
  5 giant cockroaches
  8 hobgoblins
  2 quokkas
  2 bats
  4 frilled lizards
  4 goblins
  21 kobolds
  4 rats
  A fulminant prism (Orc:2)
621 creatures vanquished.

Vanquished Creatures (collateral kills)
  An orc warrior (Orc:2)
1 creature vanquished.

Vanquished Creatures (others)
  A deep elf pyromancer (Elf:1)
  2 bushes (Lair:5)
  176 fulminant prisms
  63 fungi
  67 plants
309 creatures vanquished.

Grand Total: 931 creatures vanquished

Notes
Turn   | Place    | Note
-------+----------+-------------------------------------------
     0 | D:1      | jasper the Felid Conjurer began the quest for the Orb.
     0 | D:1      | Reached XP level 1. HP: 7/7 MP: 4/4
   294 | D:1      | Found Qezemn's Book Boutique.
   451 | D:1      | Reached XP level 2. HP: 11/11 MP: 4/6
   973 | D:2      | Learned a level 2 spell: Searing Ray
  1364 | D:2      | Reached XP level 3. HP: 14/14 MP: 2/7
  2325 | D:3      | Reached skill level 5 in Conjurations
  2524 | D:3      | Reached XP level 4. HP: 18/18 MP: 4/8
  2529 | D:3      | Learned a level 4 spell: Fulminant Prism
  2913 | D:3      | Noticed an ice beast
  3000 | D:3      | Killed an ice beast
  3001 | D:3      | Reached XP level 5. HP: 18/21 MP: 0/9
  3466 | D:4      | Noticed an ogre
  3473 | D:4      | Killed an ogre
  3474 | D:4      | Gained mutation: You are covered in thick fur. (AC +2)
                  | [Felid growth]
  3474 | D:4      | Reached XP level 6. HP: 24/24 MP: 1/10
  3647 | D:4      | Reached skill level 5 in Hexes
  4088 | D:4      | Found a bloodstained altar of Trog.
  4106 | D:4      | Noticed Grinder
  4112 | D:4      | Killed Grinder
  4113 | D:4      | Reached XP level 7. HP: 27/27 MP: 2/11
  4610 | D:5      | Entered Level 5 of the Dungeon
  4752 | D:5      | Found a runed translucent gate.
  4752 | D:5      | Found a runed translucent gate.
  4752 | D:5      | Found a runed translucent gate.
  4755 | D:5      | Noticed BleedingAnus's ghost (amateur MiMo)
  4773 | D:5      | Found a hazy altar of Hepliaklqana.
  5255 | D:5      | Learned a level 4 spell: Iskenderun's Mystic Blast
  5268 | D:5      | Reached skill level 1 in Translocations
  5577 | D:5      | Noticed Menkaure
  5585 | D:5      | Killed Menkaure
  5586 | D:5      | Reached XP level 8. HP: 19/31 MP: 4/13
  5772 | D:6      | Noticed Edmund
  6039 | D:6      | Reached skill level 5 in Translocations
  6356 | D:6      | Killed Edmund
  6497 | D:6      | Reached skill level 3 in Dodging
  6602 | D:6      | Reached skill level 1 in Fighting
  6866 | D:6      | Found Nuobou's Assorted Antiques.
  6871 | D:6      | Bought a scroll labelled DAB WIAZXO for 20 gold pieces
  6871 | D:6      | Bought an emerald potion for 18 gold pieces
  6871 | D:6      | Bought a red potion for 18 gold pieces
  6871 | D:6      | Bought a lumpy green potion for 18 gold pieces
  6871 | D:6      | Bought a jewelled gold wand for 80 gold pieces
  6913 | D:6      | Reached skill level 4 in Dodging
  7224 | D:6      | Reached XP level 9. HP: 37/37 MP: 7/15
  7492 | D:7      | Reached skill level 5 in Dodging
  8173 | D:7      | Noticed Joseph
  8217 | D:7      | Killed Joseph
  8218 | D:7      | Reached skill level 6 in Dodging
  8268 | D:7      | Reached skill level 5 in Spellcasting
  9103 | D:7      | Reached skill level 7 in Dodging
  9461 | D:7      | Found a staircase to the Ecumenical Temple.
  9685 | D:7      | Reached skill level 5 in Fighting
  9828 | D:8      | HP: 2/40 [centaur/arrow (8)]
 10177 | D:8      | Reached XP level 10. HP: 22/44 MP: 3/19
 10374 | D:8      | Reached skill level 8 in Dodging
 11077 | D:8      | Found a staircase to the Lair.
 11095 | Temple   | Entered the Ecumenical Temple
 11283 | D:8      | Reached skill level 9 in Dodging
 11739 | D:9      | Found a hide-covered altar of Uskayaw.
 11741 | D:9      | Found a broken altar of Ashenzari.
 11743 | D:9      | Found a shimmering blue altar of Sif Muna.
 11743 | D:9      | Found a radiant altar of Vehumet.
 11750 | D:9      | Became a worshipper of Vehumet
 11752 | D:9      | Found a sparkling altar of Nemelex Xobeh.
 12296 | D:9      | Reached * piety under Vehumet
 12296 | D:9      | Offered knowledge of Freeze by Vehumet.
 12478 | D:9      | Found a staircase to the Orcish Mines.
 12727 | D:9      | Reached skill level 10 in Dodging
 13184 | Orc:1    | Entered Level 1 of the Orcish Mines
 13216 | Orc:1    | Reached XP level 11. HP: 50/50 MP: 19/23
 13298 | Orc:1    | Found Fyqaigouck's Jewellery Boutique.
 13523 | D:1      | Bought Ylakuwym's Compilation of the Scintillating Arsonist
                  | for 338 gold pieces
 13527 | D:1      | Learned a level 3 spell: Stone Arrow
 13531 | D:1      | Learned a level 3 spell: Mephitic Cloud
 13737 | D:10     | Entered Level 10 of the Dungeon
 13750 | D:10     | Reached skill level 1 in Earth Magic
 14014 | D:10     | Noticed a catoblepas
 14057 | D:10     | Slain by a catoblepas
 14058 | D:10     | Reached XP level 10. HP: -3/47 MP: 18/22
 14304 | D:11     | Noticed a two-headed ogre
 14310 | D:11     | Killed a two-headed ogre
 14599 | D:11     | Reached ** piety under Vehumet
 14599 | D:11     | Offered knowledge of Static Discharge by Vehumet.
 14767 | D:11     | Noticed an elephant
 14781 | D:11     | Killed an elephant
 14848 | D:11     | Noticed a two-headed ogre
 14860 | D:11     | Killed a two-headed ogre
 14896 | D:11     | Reached XP level 11. HP: 50/50 MP: 17/23
 15298 | D:11     | Identified a scroll of acquirement
 15298 | D:11     | Acquired 833 gold pieces
 15362 | Orc:1    | Bought the ring "Roept" {+Blink Int+3 Dex+6} for 788 gold
                  | pieces
 15408 | Lair:1   | Entered Level 1 of the Lair of Beasts
 15459 | Lair:1   | Reached skill level 1 in Evocations
 15849 | Lair:1   | Reached skill level 5 in Evocations
 16320 | Lair:2   | Found a transporter.
 16322 | Lair:2   | Noticed TheSexyCheese's ghost (journeyman OgFE)
 16325 | Lair:2   | Found a transporter.
 16532 | Lair:2   | Noticed a skyshark
 16537 | Lair:2   | Noticed a death yak
 16615 | Lair:2   | Noticed a boulder beetle
 16763 | Lair:2   | You fall into a shaft and drop 1 floor!
 16854 | Lair:3   | Found a hole to the Spider Nest.
 16862 | Lair:3   | Offered knowledge of Momentum Strike by Vehumet.
 16945 | Lair:3   | Noticed an eight-headed hydra
 16953 | Lair:3   | Killed an eight-headed hydra
 16954 | Lair:3   | Reached skill level 5 in Stealth
 17232 | Lair:3   | Reached *** piety under Vehumet
 17238 | Lair:3   | Noticed a skyshark
 17261 | Lair:4   | Gained mutation: Your thick and shaggy fur keeps you warm.
                  | (AC +3, rC+) [Felid growth]
 17261 | Lair:4   | Reached XP level 12. HP: 55/55 MP: 18/24
 17335 | Lair:4   | Reached skill level 11 in Dodging
 17354 | Lair:4   | Noticed a four-headed hydra
 17391 | Lair:4   | Killed a four-headed hydra
 17391 | Lair:4   | Offered knowledge of Frozen Ramparts by Vehumet.
 17594 | Lair:4   | Noticed Kirke
 17816 | Lair:3   | Reached **** piety under Vehumet
 17896 | Lair:3   | Found a staircase to the Swamp.
 18148 | Lair:3   | Reached skill level 12 in Dodging
 18200 | Lair:3   | Noticed a death yak
 18204 | Lair:3   | Noticed a death yak
 18209 | Lair:3   | Killed a death yak
 18210 | Lair:3   | Noticed a death yak
 18224 | Lair:3   | Killed a death yak
 18257 | Lair:3   | Killed a death yak
 18259 | Lair:3   | Noticed a death yak
 18261 | Lair:3   | Noticed Amaemon
 18303 | Lair:3   | Killed a death yak
 18306 | Lair:3   | Killed Amaemon
 18306 | Lair:3   | Offered knowledge of Sticky Flame by Vehumet.
 18569 | Lair:3   | Reached XP level 13. HP: 60/60 MP: 8/27
 18853 | Lair:4   | Found a staircase to the Slime Pits.
 18863 | Lair:4   | Found a viscous altar of Jiyva.
 19130 | Lair:4   | Learned a level 1 spell: Apportation
 19177 | Lair:4   | Killed Kirke
 19190 | Lair:4   | Learned a level 3 spell: Swiftness
 19369 | Lair:4   | Reached skill level 10 in Stealth
 19380 | Lair:4   | Reached skill level 1 in Air Magic
 19402 | Lair:4   | Reached skill level 13 in Dodging
 19451 | Lair:4   | Reached skill level 10 in Fighting
 19725 | Lair:5   | Entered Level 5 of the Lair of Beasts
 19790 | Lair:4   | Reached skill level 10 in Spellcasting
 20104 | Orc:2    | Entered Level 2 of the Orcish Mines
 20138 | Orc:2    | Noticed an ettin
 20150 | Orc:2    | Noticed a stone giant
 20152 | Orc:2    | Reached ***** piety under Vehumet
 20228 | Orc:2    | Found a staircase to the Elven Halls.
 20228 | Orc:2    | Found Jiref's Antique Weapon Emporium.
 20238 | Orc:2    | Noticed an ettin
 20251 | Orc:2    | Killed an ettin
 20395 | Orc:1    | Offered knowledge of Lee's Rapid Deconstruction by Vehumet.
 20512 | Orc:1    | Learned a level 5 spell: Lee's Rapid Deconstruction
 20589 | Orc:2    | Reached skill level 5 in Earth Magic
 20605 | Orc:1    | Killed a stone giant
 20606 | Orc:1    | Reached skill level 14 in Dodging
 20781 | Orc:2    | Killed an ettin
 21063 | Orc:2    | Noticed an ettin
 21067 | Orc:2    | Killed an ettin
 21086 | Orc:2    | Found Dimitix's General Store.
 21099 | Orc:2    | Bought a potion of heal wounds for 60 gold pieces
 21382 | Orc:2    | Reached XP level 14. HP: 59/65 MP: 19/29
 21536 | Orc:2    | Found Ynalausa's Jewellery Shoppe.
 21544 | Orc:2    | Bought a +6 ring of intelligence for 396 gold pieces
 21590 | Orc:2    | Found Mosoti's Antique Armour Emporium.
 23363 | Lair:5   | Reached skill level 15 in Dodging
 23374 | Lair:5   | Annihilated by a spriggan rider
 23375 | Lair:5   | Reached XP level 13. HP: -29/63 MP: 3/29
 23779 | Lair:5   | Offered knowledge of Olgreb's Toxic Radiance by Vehumet.
 25114 | D:12     | Found Qekaehup's Book Shoppe.
 25122 | D:12     | Acquired jasper's Grimoire of Blasting
 25130 | D:12     | Learned a level 5 spell: Fireball
 25298 | D:11     | Reached skill level 1 in Fire Magic
 25538 | D:12     | Reached XP level 14. HP: 69/69 MP: 26/30
 25738 | D:13     | Reached skill level 10 in Conjurations
 25887 | D:13     | Offered knowledge of Arcjolt by Vehumet.
 26439 | D:13     | Found a gate to the Vaults.
 26864 | D:14     | Found Fuafrex's Antique Armour Shoppe.
 27373 | D:14     | Found Ziuk's Book Boutique.
 27385 | D:14     | Found Gisosypp's Book Boutique.
 27393 | D:14     | Bought a book of the Earth for 540 gold pieces
 27393 | D:14     | Bought a book of Chaos for 750 gold pieces
 27400 | D:14     | Learned a level 6 spell: Statue Form
 27563 | D:14     | Found Jiegym's Assorted Antiques.
 27649 | D:15     | Entered Level 15 of the Dungeon
 27785 | D:15     | Reached skill level 5 in Fire Magic
 27794 | D:15     | Reached skill level 1 in Transmutations
 27836 | D:15     | Noticed a stone giant
 27997 | D:15     | Killed a stone giant
 28231 | D:15     | Shot with an arrow by a centaur warrior
 28232 | D:15     | Reached XP level 13. HP: -6/64 MP: 12/29
 28438 | Swamp:1  | Entered Level 1 of the Swamp
 28442 | Swamp:1  | Noticed an eleionoma
 28645 | Elf:1    | Entered Level 1 of the Elven Halls
 28654 | Elf:1    | Noticed a deep elf demonologist
 28724 | Elf:1    | Killed a deep elf demonologist
 28931 | Elf:1    | Noticed a deep elf sorcerer
 28944 | Elf:1    | Killed a deep elf sorcerer
 28944 | Elf:1    | Killed from afar by a deep elf zephyrmancer

Illustrated notes

Levels and vault maps discovered:
D:1:      pf_arrival_petrified_forest, layout_loops_ring, serial_rivers,
          chequers_serial_rivers_marsh, chequers_serial_rivers_marsh,
          chequers_serial_rivers_large_a, chequers_serial_rivers_micro_a,
          chequers_serial_rivers_micro_a, chequers_serial_rivers_micro_c,
          serial_shops, shop
D:2:      layout_loops_corners
D:3:      layout_basic, serial_forest, infiniplex_forest_clump_small,
          infiniplex_forest_clump_tiny, infiniplex_forest_lined_room_,
          infiniplex_forest_diagonal, infiniplex_forest_clump_tiny
D:4:      layout_loops_ring, trog_three_pillars_becter, minmay_snake_closets,
          uniq_grinder
D:5:      layout_basic, nicolae_hepliaklqana_hazy_memory,
          gammafunk_ghost_nasty_kobolds, uniq_menkaure
D:6:      layout_cave_pools, serial_shops, nicolae_shop_crystal,
          hangedman_decor_opposing, uniq_edmund
D:7:      layout_basic, minmay_temple_entry_from_below_a, st_stairs_1,
          uniq_joseph
D:8:      layout_loops_cross, grunt_ministairs_6, st_stairs_5, nrook_uturn
D:9:      layout_basic, nemelex_xobeh_ov_fountains_minmay,
          chequers_temple_overflow_statue_of_worship, david_orc_5
D:10:     nzn_motion_control, layout_rooms
D:11:     layout_basic
D:12:     layout_loops_ring, serial_shops, nicolae_book_shop_shelving
D:13:     layout_gridville, grunt_vaults_entry_tiered
D:14:     layout_loops_ring, serial_shops, kennysheep_mini_moat,
          nicolae_shop_tiny_real_fake_doors, nicolae_shop_crystal,
          nicolae_shop_rolling_square, nicolae_sextant, fountainhead
D:15:     hangedman_depths_entry_civil_slaughter, layout_gridville,
          serial_park_tiny_1, nicolae_uskayaw_en_pointe, uniq_louise
Temple:   regret_index_temple_waves
Lair:1:   layout_loops_ring, serial_bayou_pond_a
Lair:2:   layout_cave_pods, enter_volcano_3, gammafunk_ghost_arena
Lair:3:   layout_cave_pods, swamp_mist_pool, nicolae_spider_entry_non_spiders,
          guppyfry_lair_drakes, lemuel_fruit_tree, uniq_amaemon
Lair:4:   layout_cave_shapes, nicolae_slime_entry_field_trip, uniq_kirke
Lair:5:   minmay_lair_end_enchanted_forest, layout_big_grid,
          serial_bayou_crossing
Swamp:1:  layout_falls_marsh, nicolae_swamp_well_well_well,
          infiniplex_staircase_pool_2
Orc:1:    layout_diamond_mine, serial_shops, nicolae_shop_window_shopping,
          nicolae_shop_hallway_stairs
Orc:2:    grunt_orc_gardens, layout_diamond_mine, grunt_orc_garden,
          grunt_orc_garden, grunt_orc_garden, grunt_orc_garden, basic_altar
Elf:1:    eino_elf_arrival_the_gate, layout_geoelf_octagon,
          minmay_elf_demonology, st_stairs_6

Skill      XL: |  1  2  3  4  5  6  7  8  9 10 11 12 13 14 |
---------------+-------------------------------------------+-----
Conjurations   | 4 5 6 7 8 9 11 | 11.0
Hexes          | 2 4 6 |  6.7
Translocations | 3 6 |  6.2
Dodging        | 4 7 10 12 14 15 | 15.6
Fighting       | 2 5 7 8 9 12 | 12.1
Spellcasting   | 3 5 7 9 10 11 | 11.5
Stealth        | 4 6 9 10 | 10.0
Earth Magic    | 4 1 8 6 |  8.2
Evocations     | 8 |  8.0
Air Magic      | 2 |  2.0
Fire Magic     | 1 5 |  5.0
Transmutations | 4 2 |  4.6

Action                     |  1- 3 |  4- 6 |  7- 9 | 10-12 | 13-15 || total
---------------------------+-------+-------+-------+-------+-------++-------
  Melee: Unarmed           |     1 |     6 |    33 |    30 |    11 ||    81
         Bite              |       |       |     4 |     6 |     4 ||    14
         Punch             |       |       |       |       |     2 ||     2
   Cast: Magic Dart        |    71 |    36 |    89 |    44 |       ||   240
         Searing Ray       |     9 |    12 |    57 |    24 |     2 ||   104
         Fulminant Prism   |       |     1 |    23 |   101 |    52 ||   177
         Iskenderun's Myst |       |       |     5 |     9 |    25 ||    39
         Stone Arrow       |       |       |       |   211 |   362 ||   573
         Mephitic Cloud    |       |       |       |     6 |    22 ||    28
         Lee's Rapid Decon |       |       |       |       |   127 ||   127
         Fireball          |       |       |       |       |    36 ||    36
Ability: Evoke Blink       |       |       |       |       |     3 ||     3
  Evoke: Wand              |       |       |     8 |    26 |    14 ||    48
         Lightning rod     |       |       |       |       |     7 ||     7
    Use: Scroll            |     2 |       |     4 |    11 |     9 ||    26
         Potion            |       |       |     4 |     1 |     3 ||     8
   Stab: Paralysed         |       |       |     7 |       |     3 ||    10
         Invisible         |       |       |     4 |       |       ||     4
         Sleeping          |       |       |     1 |       |       ||     1
 Armour: Skin              |       |       |     2 |     3 |     3 ||     8
  Dodge: Dodged            |     7 |    13 |    85 |   171 |   232 ||   508

Table legend: (Time is in decaauts)
 A = Elapsed time spent in this place.
 B = Non-inter-level travel time spent in this place.
 C = Inter-level travel time spent in this place.
 D = Time resting spent in this place.
 E = Time spent auto-exploring this place.
 F = Levels seen in this place.
 G = Mean time per level.
                   A        B        C        D        E       F      G
               +--------+--------+--------+--------+--------+-----+--------+
         Total |  25865 |  24063 |   1802 |   3752 |  16465 |  25 | 1034.6 |
       Dungeon |  17188 |  15981 |   1207 |   2023 |  11796 |  15 | 1145.9 |
        Temple |    111 |     96 |     15 |      0 |     76 |   1 |  111.0 |
          Lair |   6375 |   5951 |    424 |    784 |   3861 |   5 | 1275.0 |
         Swamp |      4 |      4 |      0 |      0 |      0 |   1 |    4.0 |
  Orcish Mines |   1972 |   1819 |    153 |    939 |    581 |   2 |  986.0 |
   Elven Halls |    212 |    212 |      0 |      6 |    149 |   1 |  212.0 |
               +--------+--------+--------+--------+--------+-----+--------+

Top non-repeatable levels by time:
     D:7: 2173 daAuts
     D:8: 1679 daAuts
  Lair:3: 1642 daAuts
     D:5: 1618 daAuts
  Lair:4: 1617 daAuts
     D:9: 1542 daAuts
    D:11: 1336 daAuts
  Lair:5: 1229 daAuts
    D:14: 1166 daAuts
     D:2: 1162 daAuts
     D:4: 1130 daAuts
   Orc:1: 1100 daAuts
  Lair:2: 1043 daAuts
     D:3: 1030 daAuts
     D:6: 1003 daAuts
